AoeStats
← krikoO

Arena

509596613Analyzed
4v4 RM · 5d ago on Sep 27, 2026· 89m 33s· 8 players
Game mode
Random Map
Map size
Large (8 player)
Population
200
Speed
Normal
Resources
Standard
Victory
Conquest
Starting age
Dark Age
Ending age
Imperial Age
RankedLock teamsTeams togetherTeam positionsShared explorationLock speedFull tech treeHidden civsTurbo modeCheats
Victory
Defeat
🇹🇷 Magyars · Türkiye
1066
+14
🇹🇷 Ethiopians · Türkiye
1057
+14
🇩🇪 Japanese · Germany
926
+19
🇩🇪 Persians · Germany
911
+20
🇫🇷 Persians · France
1042
-18
🇮🇩 Lithuanians · Indonesia
1016
-17
🇨🇳 Chinese · China
989
-16
🇦🇺 Mongols · Australia
978
-16
PapaHewy
10:00 Feudal Age
10:37 Double-Bit Axe
10:34 Horse Collar
17:41 Castle Age
18:52 Fletching
20:16 Bodkin Arrow
21:28 Bow Saw
34:00 Imperial Age
31:54 Thumb Ring
33:37 Pikeman
34:18 Squires
42:13 Bracer
43:10 Ballistics
46:36 Heavy Cavalry Archer
47:41 Gold Mining
48:17 Elite Skirmisher
50:39 Conscription
52:21 Chemistry
51:27 Padded Archer Armor
55:29 Husbandry
55:40 Bloodlines
54:53 Light Cavalry
57:02 Forging
56:58 Scale Barding Armor
56:55 Scale Mail Armor
56:43 Elite Steppe Lancer
61:51 Arson
62:36 Chain Barding Armor
62:51 Iron Casting
62:21 Caravan
62:34 Hussar
64:30 Fortified Wall
66:07 Drill
67:54 Blast Furnace
70:24 Gold Shaft Mining
69:41 Stone Mining
72:18 Heavy Camel Rider
77:10 Wheelbarrow
76:21 Loom
76:24 Town Watch
89:25 Chain Mail Armor
cris
10:35 Feudal Age
11:55 Loom
14:54 Castle Age
13:08 Double-Bit Axe
13:49 Horse Collar
17:33 Wheelbarrow
21:58 Hand Cart
21:29 Town Watch
22:04 Hand Cart
23:14 Pikeman
23:54 Squires
24:20 Forging
24:11 Scale Mail Armor
25:15 Town Patrol
26:12 Iron Casting
25:44 Gold Mining
25:44 Stone Mining
28:46 Scale Barding Armor
28:56 Chain Mail Armor
30:42 Bloodlines
30:32 Husbandry
33:05 Imperial Age
33:08 Chain Barding Armor
34:03 Gold Shaft Mining
33:19 Stone Mining
33:42 Bow Saw
33:35 Heavy Plow
33:30 Heavy Camel Rider
35:18 Blast Furnace
34:23 Cavalier
35:41 Plate Barding Armor
36:00 Savar
38:44 Conscription
40:03 Crop Rotation
41:13 Fletching
41:26 Padded Archer Armor
42:43 Stone Shaft Mining
46:20 Citadels
46:46 Hoardings
48:06 Bodkin Arrow
51:04 Elite War Elephant
52:24 Masonry
52:10 Murder Holes
52:36 Ballistics
54:17 Caravan
54:48 Coinage
54:33 Guilds
55:02 Light Cavalry
56:31 Kamandaran
57:15 Hussar
60:36 Thumb Ring
61:11 Banking
60:07 Crossbowman
61:42 Capped Ram
63:25 Chemistry
62:56 Architecture
62:16 Heated Shot
64:47 Leather Archer Armor
82:10 Elite Skirmisher
87:59 Heavy Camel Rider
89:31 Ring Archer Armor
MrTomatoChips
10:21 Feudal Age
10:35 Feudal Age
14:48 Castle Age
13:05 Double-Bit Axe
13:21 Horse Collar
22:38 Fervor
24:57 Scale Barding Armor
25:04 Forging
25:12 Bow Saw
25:22 Heavy Plow
26:08 Gold Mining
27:44 Husbandry
27:55 Bloodlines
28:35 Wheelbarrow
27:46 Loom
27:46 Town Watch
31:29 Imperial Age
29:28 Town Patrol
30:29 Iron Casting
30:33 Hand Cart
30:48 Stone Mining
32:04 Chain Barding Armor
32:55 Stone Shaft Mining
31:47 Cavalier
33:53 Plate Barding Armor
33:32 Paladin
40:55 Conscription
43:11 Guilds
54:19 Caravan
56:35 Two-Man Saw
56:08 Crop Rotation
56:09 Light Cavalry
56:57 Winged Hussar
65:44 Treadmill Crane
66:24 Ballistics
67:05 Chemistry
65:55 Guard Tower
66:16 Fortified Wall
66:01 Murder Holes
66:17 Masonry
65:57 Heated Shot
78:43 Pikeman
79:23 Squires
79:09 Arson
78:45 Man-at-Arms
79:22 Halberdier
84:05 Scale Mail Armor
86:12 Chain Mail Armor
85:47 Fletching
85:57 Padded Archer Armor
86:45 Onager
863111034
10:55 Feudal Age
19:12 Castle Age
22:46 Double-Bit Axe
22:45 Horse Collar
25:07 Crossbowman
27:25 Padded Archer Armor
27:16 Fletching
29:47 Heavy Plow
29:40 Gold Mining
34:33 Wheelbarrow
35:32 Ballistics
37:04 Leather Archer Armor
36:45 Bodkin Arrow
37:00 Forging
37:44 Gold Shaft Mining
40:42 Imperial Age
38:57 Scale Mail Armor
39:42 Thumb Ring
40:41 Caravan
43:14 Chemistry
41:40 Elite Chu Ko Nu
45:00 Rocketry
45:16 Cavalier
45:59 Husbandry
45:22 Pikeman
46:04 Squires
48:07 Halberdier
51:16 Bloodlines
54:10 Light Cavalry
57:21 Bow Saw
60:55 Two-Man Saw
65:13 Ring Archer Armor
64:45 Bracer
65:21 Iron Casting
65:02 Chain Mail Armor
64:53 Scale Barding Armor
65:28 Arson
Neo
10:06 Loom
12:19 Feudal Age
13:23 Double-Bit Axe
19:31 Castle Age
17:39 Stone Mining
17:43 Gold Mining
18:20 Horse Collar
19:25 Scale Barding Armor
20:57 Bloodlines
21:20 Pikeman
29:10 Kamandaran
29:44 Bow Saw
30:42 Heavy Plow
37:21 Imperial Age
35:28 Wheelbarrow
37:36 Padded Archer Armor
37:26 Fletching
38:35 Gold Shaft Mining
38:38 Conscription
38:55 Thumb Ring
40:16 Stone Shaft Mining
39:43 Bodkin Arrow
40:03 Leather Archer Armor
41:36 Ring Archer Armor
42:12 Forging
42:02 Scale Mail Armor
41:45 Crossbowman
41:47 Elite Skirmisher
44:43 Two-Man Saw
46:26 Iron Casting
46:07 Chain Mail Armor
47:19 Block Printing
47:39 Halberdier
48:20 Squires
48:21 Halberdier
62:52 Conscription
62:47 Arson
62:48 Gambesons
65:02 Hand Cart
71:16 Blast Furnace
70:48 Plate Mail Armor
73:44 Capped Ram
75:51 Siege Ram
85:20 Masonry
86:13 Chemistry
85:34 Ballistics
Hank
11:58 Feudal Age
10:16 Loom
13:03 Double-Bit Axe
16:47 Castle Age
14:47 Horse Collar
18:20 Scale Mail Armor
20:06 Bow Saw
20:32 Gold Mining
21:13 Fletching
22:38 Heavy Plow
22:40 Town Watch
26:42 Wheelbarrow
28:09 Treadmill Crane
29:19 Chain Mail Armor
29:15 Forging
30:26 Gambesons
30:42 Squires
30:27 Arson
32:18 Gold Shaft Mining
31:33 Stone Mining
33:47 Hand Cart
33:33 Town Patrol
33:17 Pikeman
34:34 Iron Casting
33:54 Bodkin Arrow
34:21 Elite Skirmisher
36:12 Ballistics
38:28 Guard Tower
38:49 Masonry
47:20 Fortified Wall
47:06 Murder Holes
49:54 Imperial Age
55:39 Plate Mail Armor
55:23 Halberdier
58:16 Blast Furnace
57:17 Bracer
57:18 Padded Archer Armor
62:01 Conscription
63:57 Elite Samurai
64:57 Kataparuto
66:24 Two-Man Saw
67:10 Thumb Ring
70:05 Chemistry
68:50 Arrowslits
69:41 Keep
69:13 Siege Engineers
71:28 Yasama
71:51 Leather Archer Armor
74:13 Ring Archer Armor
73:48 Scale Barding Armor
73:05 Crossbowman
Skafoid
10:41 Feudal Age
11:11 Loom
11:12 Town Watch
16:50 Castle Age
15:38 Double-Bit Axe
15:35 Horse Collar
26:43 Wheelbarrow
26:11 Pikeman
27:18 Bow Saw
27:14 Stone Mining
27:14 Gold Mining
28:25 Ballistics
32:34 Imperial Age
30:58 Thumb Ring
30:52 Fletching
31:44 Arson
32:25 Hand Cart
33:20 Gold Shaft Mining
32:51 Heavy Plow
34:18 Chemistry
33:45 Parthian Tactics
34:46 Two-Man Saw
33:31 Heavy Cavalry Archer
34:54 Crop Rotation
34:02 Elite Skirmisher
35:06 Bloodlines
34:56 Husbandry
35:38 Halberdier
36:57 Bodkin Arrow
37:07 Scale Barding Armor
37:44 Recurve Bow
38:23 Bracer
39:31 Chain Barding Armor
39:53 Light Cavalry
43:04 Elite Magyar Huszar
43:45 Corvinian Army
45:07 Plate Barding Armor
44:34 Padded Archer Armor
47:30 Town Patrol
47:32 Scale Mail Armor
47:47 Leather Archer Armor
50:49 Chain Mail Armor
51:05 Ring Archer Armor
58:05 Capped Ram
63:01 Two-Man Saw
79:50 Treadmill Crane
80:20 Masonry
82:10 Caravan
krikoO
11:55 Feudal Age
12:14 Feudal Age
16:57 Castle Age
15:29 Double-Bit Axe
16:33 Gold Mining
17:02 Horse Collar
18:41 Forging
23:32 Crossbowman
26:07 Thumb Ring
27:21 Ballistics
26:53 Fletching
27:25 Padded Archer Armor
28:56 Wheelbarrow
29:57 Bodkin Arrow
30:17 Leather Archer Armor
33:47 Imperial Age
34:40 Bow Saw
34:33 Heavy Plow
34:19 Halberdier
34:20 Arbalester
35:03 Bracer
35:33 Ring Archer Armor
36:06 Chemistry
36:56 Two-Man Saw
37:51 Iron Casting
37:17 Scale Mail Armor
37:31 Elite Skirmisher
38:13 Squires
39:33 Blast Furnace
40:09 Chain Mail Armor
45:14 Plate Mail Armor
52:34 Light Cavalry
53:16 Husbandry
52:37 Heavy Camel Rider
53:29 Scale Barding Armor
58:45 Hand Cart
59:40 Hussar
60:43 Chain Barding Armor
85:17 Caravan
Connection lost

Rejoining the realm…

Still unreachable

The connection could not be restored.

Session expired

The server has moved on; the page needs a fresh start.